Map: Kairos Junction LE

Players

OVO - Winner!

  • Race: Terran Terran
  • League: Platinum
  • Spawn Location: 11:00

NuclearZerg

  • Race: Protoss Protoss
  • League: Platinum
  • Spawn Location: 5:00

VOD

Have the link to the VOD?

Description

Time

  • Played on: Feb. 10, 2019, 1:10 a.m.
  • Length: 8:48
Show
View Real Time Build Order
Export as new Build Order

OVO Terran - Winner!

Build Orders: Reaper Expand 

Get SALT Encoding   

  12  0:01  SCV  
  13  0:13  SCV  
  14  0:17  Supply Depot  
  14  0:25  SCV  
  15  0:39  SCV  
  15  0:40  Barracks  
  16  0:45  Refinery  
  16  0:52  SCV  
  17  1:04  SCV  
  18  1:17  SCV  
  19  1:30  Reaper, Orbital Command  
  20  1:48  Command Center  
  20  1:55  SCV  
  21  2:02  Supply Depot  
  21  2:04  Barracks Reactor  
  21  2:08  SCV  
  22  2:14  Barracks  
  22  2:20  SCV  
  23  2:40  SCV  
  24  2:47  Marine x2  
  24  2:48  Factory  
  26  2:54  SCV  
  27  3:01  Bunker  
  27  3:02  Orbital Command  
  27  3:03  Barracks Tech Lab  
  27  3:09  Marine x2  
  29  3:16  SCV  
  30  3:26  Marauder  
  30  3:27  Marine  
  33  3:41  Factory Tech Lab  
  33  3:44  SCV  
  33  3:47  SCV  
  35  3:48  Marine x2  
  35  3:49  Marine  
  35  3:51  Orbital Command  
  38  3:56  Starport  
  38  3:58  SCV  
  38  4:08  Marine x2, Engineering Bay  
  38  4:09  Marine  
  41  4:10  SCV  
  41  4:12  Factory Tech Lab  
  41  4:16  Stimpack  
  42  4:18  Refinery  
  42  4:19  SCV  
  42  4:22  SCV  
  44  4:28  Marine x2  
  46  4:37  SCV x2  
  48  4:44  Supply Depot  
  48  4:49  SCV  
  48  4:50  Supply Depot  
  51  4:55  Marine x2, Engineering Bay  
  51  4:56  Marine  
  54  5:03  SCV  
  54  5:06  Siege Tank  
  56  5:11  Refinery  
  56  5:12  Medivac  
  56  5:13  Refinery, Marine  
  59  5:14  SCV  
  59  5:17  Marine x2  
  59  5:20  SCV  
  63  5:23  Supply Depot  
  63  5:25  Supply Depot  
  63  5:27  SCV  
  64  5:38  SCV  
  64  5:42  Marine x2  
  67  5:43  Reaper  
  66  5:52  Viking  
  66  5:54  SCV  
  69  6:00  Terran Infantry Weapons Level 1  
  69  6:01  Terran Infantry Armor Level 1  
  69  6:07  Marine x2  
  69  6:08  Missile Turret  
  71  6:11  SCV x2  
  71  6:15  Widow Mine  
  75  6:23  SCV, Marine  
  77  6:29  SCV  
  77  6:30  Marine x2  
  77  6:31  Medivac  
  82  6:37  SCV  
  83  6:44  Marine  
  83  6:46  SCV  
  85  6:48  Marine  
  85  6:49  Supply Depot  
  85  6:51  SCV, Siege Tank  
  90  6:56  Combat Shield  
  90  7:04  SCV  
  90  7:05  SCV  
  90  7:07  Barracks x2  
  92  7:11  Marauder, Marine x2  
  92  7:12  Medivac  
  98  7:33  Refinery, Liberator  
  98  7:41  Marauder, Siege Tank  
  98  7:42  Command Center  
  103  7:49  Marine x2  
  108  8:02  Marauder  
  105  8:18  Barracks Tech Lab, Marine x2  
  102  8:24  Marauder  
Show
View Real Time Build Order
Export as new Build Order

NuclearZerg Protoss 

Build Orders:  

Get SALT Encoding   

  12  0:01  Probe  
  13  0:13  Probe  
  14  0:19  Pylon  
  14  0:25  Probe  
  15  0:37  Probe  
  15  0:41  Gateway  
  16  0:49  Probe  
  17  0:52  Assimilator  
  17  1:01  Probe  
  17  1:09  Probe  
  18  1:15  Gateway  
  18  1:16  Assimilator  
  19  1:22  Pylon  
  19  1:24  Probe  
  20  1:37  Cybernetics Core  
  20  1:45  Assimilator  
  20  1:55  Gateway  
  20  1:59  Probe  
  20  2:07  Probe  
  21  2:12  Stalker  
  24  2:15  Warp Gate  
  24  2:16  Stalker  
  26  2:54  Stalker x2  
  30  3:09  Pylon  
  30  3:11  Pylon  
  30  3:22  Robotics Facility  
  30  3:25  Pylon  
  30  3:27  Stalker  
  30  3:29  Stalker  
  32  3:54  Nexus  
  32  4:07  Stalker  
  32  4:08  Stalker  
  36  4:12  Warp Prism  
  38  4:33  Twilight Council  
  38  4:49  Stalker x2  
  42  5:04  Probe  
  42  5:05  Probe  
  43  5:12  Probe  
  43  5:13  Probe  
  44  5:21  Probe x2  
  48  5:40  Stalker x3  
  40  5:56  Probe x2  
  40  6:00  Charge  
  40  6:04  Probe  
  40  6:05  Probe  
  40  6:06  Forge  
  42  6:13  Probe x2  
  44  6:19  Robotics Bay  
  44  6:22  Probe x2, Protoss Ground Armor Level 1  
  46  6:28  Immortal  
  50  6:34  Probe x2  
  50  6:36  Stalker  
  54  6:47  Stalker x2  
  58  7:02  Stalker  
  60  7:15  Assimilator  
  60  7:16  Colossus  
  60  7:17  Assimilator, Pylon  
  60  7:19  Pylon  
  60  7:21  Photon Cannon  
  66  7:37  Zealot x3  
  72  7:46  Gateway  
  72  7:49  Gateway  
  72  7:50  Gateway  
  72  7:57  Zealot  
  72  7:58  Zealot x2  
  62  8:19  Zealot x2  
  44  8:41  Zealot x2  
  46  8:43  Zealot  
  46  8:44  Zealot  
Tags
 
Add a new tag
Caveats
  • Supply blocks, unpowered buildings, or Contaminate may cause inaccurate times.
  • Supply counts are checked every 10 seconds.